 Dungeon Crawl Stone Soup version 0.20-a0-638-gd210ae2 (webtiles) character file.

15339 Laan the Cleaver (level 12, -12/95 (97) HPs)
             Began as a Formicid Fighter on Feb 12, 2017.
             Was a Priest of the Shining One.
             Mangled by a spark wasp (13 damage)
             ... on level 1 of the Lair of Beasts.
             The game lasted 00:25:10 (10058 turns).

Laan the Cleaver (Formicid Fighter)                Turns: 10058, Time: 00:25:11

HP:   -12/95 (97)   AC: 19    Str: 38    XL:     12   Next: 56%
MP:   12/12         EV:  8    Int:  8    God:    the Shining One [***...]
Gold: 593           SH: 14    Dex: 10    Spells: 11/11 levels left

rFire    . . .     SeeInvis +   a - +0 war axe
rCold    + . .     Gourm    .   Z - +0 plate armour (curse)
rNeg     + + .     Faith    .   c - +0 shield
rPois    .         Spirit   .   (helmet unavailable)
rElec    .         Reflect  .   Q - scarf {rC+}
rCorr    .         Harm     .   b - +0 pair of gloves
MR       ++...                  N - +2 pair of boots
Stlth    ..........             V - amulet of regeneration
Regen    0.7/turn               P - ring of protection from magic
                                T - ring of Ante {rN+ Str+7}

@: mighty, glowing
A: permanent stasis, dig shafts and tunnels, four strong arms, antennae 3
a: Dig, Shaft Self, Divine Shield, Renounce Religion


You were on level 1 of the Lair of Beasts.
You worshipped the Shining One.
The Shining One was most pleased with you.
You were not hungry.

You visited 3 branches of the dungeon, and saw 13 of its levels.
You visited the Abyss 1 time.

You collected 593 gold pieces.

Inventory:

Hand Weapons
 a - a +0 war axe (weapon)
 U - the cursed +1 trident of Generosity {venom, MR+, unknown}
   (You found it on level 11 of the Dungeon)

   It poisons the flesh of those it strikes.
   It affects your resistance to hostile enchantments.
   It has a curse placed upon it.
Missiles
 n - 5 javelins of penetration (quivered)
 z - 8 javelins
Armour
 b - a +0 pair of gloves (worn)
 c - a +0 shield (worn)
 N - a +2 pair of boots (worn)
 Q - a scarf of cold resistance (worn)
 Z - a cursed +0 plate armour (worn)
Jewellery
 e - an uncursed ring of positive energy
 m - an uncursed amulet of guardian spirit
 P - a ring of protection from magic (right hand)
 T - the ring of Ante (left hand) {rN+ Str+7}
   (You found it on level 9 of the Dungeon)

   [ring of positive energy]

   It affects your strength (+7).
   It protects you from negative energy.
 V - an amulet of regeneration (around neck)
Wands
 j - a wand of acid (9/15)
 u - a wand of flame (12/48)
 H - a wand of lightning (2/15)
 I - a wand of polymorph (0/24)
 R - a wand of confusion (38/48)
 W - a wand of flame (9/48)
 X - a wand of digging (13/24)
 Y - a wand of disintegration (2/24)
Scrolls
 h - 3 scrolls of recharging {unknown}
 i - 2 scrolls of magic mapping {unknown}
 p - 7 scrolls of identify
 w - 3 scrolls of enchant armour {unknown}
 x - 5 scrolls of remove curse
 y - 2 scrolls of enchant weapon {unknown}
 D - a scroll of vulnerability {unknown}
 E - a scroll of random uselessness {unknown}
 G - 3 scrolls of fog {unknown}
 K - a scroll of fear {unknown}
Potions
 l - 2 potions of resistance {unknown}
 q - a potion of haste {unknown}
 s - 2 potions of invisibility {unknown}
 v - 3 potions of flight {unknown}
 A - a potion of ambrosia {unknown}
 B - a potion of mutation {unknown}
 C - 3 potions of curing {unknown}
 L - a potion of magic {unknown}
 M - 2 potions of brilliance {unknown}
 O - 2 potions of heal wounds {unknown}
 S - 2 potions of degeneration {unknown}
Books
 J - a book of Minor Magic

   Spells                             Type                      Level
   a - Magic Dart                     Conjuration                  1
   b - Blink                          Translocation                2
   c - Call Imp                       Summoning                    2
   d - Slow                           Hexes                        2
   e - Conjure Flame                  Conjuration/Fire             3
   f - Mephitic Cloud                 Conjuration/Poison/Air       3
Comestibles
 f - 12 bread rations
 g - 9 fruits
 k - 7 meat rations
 r - 10 royal jellies


   Skills:
 + Level 10.2 Fighting
 * Level 12.3 Axes
 + Level 10.5 Armour
 + Level 10.8 Shields


You had 11 spell levels left.
You didn't know any spells.

Dungeon Overview and Level Annotations

Branches:
Dungeon (11/15)            Temple (1/1) D:4            Lair (1/6) D:11
    Orc (0/2) D:11

Altars:
Ashenzari
Gozag
Nemelex Xobeh
Okawaru
Uskayaw
Yredelemnul
The Shining One

Shops:
D:9 =


Innate Abilities, Weirdness & Mutations

You cannot be hasted, slowed, berserked, paralysed or teleported.
You can dig through walls and to a lower floor.
Your four strong arms can wield two-handed weapons with a shield.
You have a pair of large antennae on your head. (SInv)


Message History

The spark wasp barely misses you.
You are too injured to fight recklessly!
You slash the spark wasp!
The spark wasp is moderately wounded.
You block the spark wasp's attack.
You hit the spark wasp.
The spark wasp is heavily wounded.
The spark wasp stings you!
* * * LOW HITPOINT WARNING * * *
The spark wasp shocks you!
* * * LOW HITPOINT WARNING * * *
The spark wasp stings you but does no damage.
You feel very mighty all of a sudden.
The spark wasp stings you but does no damage.
You slash the spark wasp!
The spark wasp is severely wounded.
The spark wasp stings you!
* * * LOW HITPOINT WARNING * * *
The spark wasp shocks you!
You die...

........# ......
........#### .....P...
........##.# .........
..........## .........
.......#...###
#..#....#
......#.#....###.#....#
......#.............##
..P####.<..#.........#
.### #####....#@y...#
.###### ##..†.##b...#
).P##.####...### ...##
.......##...##.# #..#
.##.............# ....
#####.###.......# ....#
### ##.......# .....
......... #####
..........


You could see a spark wasp.

Vanquished Creatures
  A hydra (D:11)
  A two-headed ogre (D:11)
  Erica (D:9)
  2 unseen horrors
  Pikel (D:5)
  A kobold demonologist (D:11)
  3 trolls
  2 hornets
  3 hippogriffs
  Sigmund (D:3)
  A vampire (D:11)
  4 hogs (D:7)
  10 yaks (D:10)
  A wyvern (D:11)
  A human (D:7)
  A hungry ghost (D:11)
  A water moccasin (D:9)
  2 sky beasts
  16 orc warriors
  A hornet zombie (D:9)
  A black bear (D:6)
  3 ice beasts
  3 necrophages
  2 phantoms
  9 ogres
  3 centaurs
  7 big kobolds
  2 crocodiles
  2 gnoll sergeants
  4 bullfrogs
  A wyvern skeleton (D:11)
  3 scorpions
  4 wights
  7 howler monkeys
  6 crimson imps
  A quasit (D:9)
  A jelly (D:11)
  6 orc priests
  3 centaur skeletons
  5 hounds
  An iguana (D:5)
  15 orc wizards
  8 worker ants
  A killer bee zombie (D:8)
  A hound zombie (D:6)
  A hound skeleton (D:6)
  A worker ant zombie (D:7)
  Robin (D:3)
  8 gnolls
  13 adders
  A howler monkey skeleton (D:8)
  An ooze (D:1)
  An adder zombie (D:7)
  A worm (D:5)
  3 dart slugs
  4 leopard geckos
  39 orcs
  12 bats
  18 giant cockroaches
  12 goblins
  14 hobgoblins
  11 jackals
  5 quokkas
  3 ball pythons
  7 frilled lizards
  A jackal skeleton (D:4)
  22 kobolds
  10 rats
  A butterfly (Lair:1)
343 creatures vanquished.

Vanquished Creatures (others)
  A howler monkey (D:5)
  A quokka skeleton (D:5)
2 creatures vanquished.

Grand Total: 345 creatures vanquished

Notes
Turn   | Place    | Note
-------+----------+-------------------------------------------
     0 | D:1      | Laan the Formicid Fighter began the quest for the Orb.
     0 | D:1      | Reached XP level 1. HP: 18/18 MP: 1/1
    53 | D:1      | Reached XP level 2. HP: 20/24 MP: 2/2
   406 | D:1      | Reached XP level 3. HP: 26/29 MP: 3/3
  1239 | D:2      | Reached XP level 4. HP: 32/37 MP: 2/4
  1354 | D:2      | Reached skill level 3 in Axes
  1687 | D:3      | Cast into level 1 of the Abyss (orc)
  1688 | Abyss:1  | Found a corrupted altar of Lugonu.
  1703 | D:3      | Escaped the Abyss
  2149 | D:3      | Noticed Robin
  2149 | D:3      | Reached XP level 5. HP: 40/42 MP: 5/5
  2161 | D:3      | Killed Robin
  2371 | D:3      | Noticed Sigmund
  2382 | D:3      | Killed Sigmund
  2382 | D:3      | Reached skill level 4 in Axes
  2382 | D:3      | Reached XP level 6. HP: 49/49 MP: 6/6
  2910 | D:4      | Found a staircase to the Ecumenical Temple.
  2921 | Temple   | Entered the Ecumenical Temple
  2957 | Temple   | Became a worshipper of the Shining One
  3164 | D:4      | Reached XP level 7. HP: 51/55 MP: 7/7
  3255 | D:4      | Reached skill level 5 in Shields
  3320 | D:4      | Reached skill level 5 in Fighting
  3320 | D:4      | Reached skill level 5 in Armour
  3900 | D:4      | Reached skill level 5 in Axes
  4078 | D:5      | Entered Level 5 of the Dungeon
  4255 | D:5      | Reached XP level 8. HP: 58/63 MP: 6/8
  4547 | D:5      | Found a basalt altar of Yredelemnul.
  4763 | D:5      | Noticed Pikel
  4776 | D:5      | Killed Pikel
  4776 | D:5      | Reached skill level 6 in Axes
  5055 | D:6      | Reached XP level 9. HP: 69/69 MP: 9/9
  5085 | D:6      | Reached skill level 7 in Axes
  5654 | D:6      | Reached * piety under the Shining One
  5991 | D:7      | Reached skill level 8 in Axes
  6572 | D:7      | Reached XP level 10. HP: 49/79 MP: 6/10
  6579 | D:7      | Reached skill level 9 in Axes
  6998 | D:8      | Found an opulent altar of Gozag.
  6998 | D:8      | Found a sparkling altar of Nemelex Xobeh.
  7132 | D:8      | Reached ** piety under the Shining One
  7182 | D:8      | Found a shattered altar of Ashenzari.
  7513 | D:9      | You fall through a shaft!
  7513 | D:10     | Entered Level 10 of the Dungeon
  7749 | D:9      | Got an ancient steel ring
  7765 | D:9      | Identified the ring of Ante {rN+ Str+7} (You found it on level 9 of the Dungeon)
  7817 | D:9      | Reached skill level 10 in Axes
  7893 | D:9      | Reached XP level 11. HP: 61/86 MP: 8/11
  8231 | D:9      | Noticed Erica
  8250 | D:9      | Killed Erica
  8269 | D:9      | Found Zeidytai's Jewellery Emporium.
  8543 | D:10     | Noticed an unseen horror
  8553 | D:10     | Killed an unseen horror
  8639 | D:10     | Reached skill level 11 in Axes
  8746 | D:10     | Reached *** piety under the Shining One
  8890 | D:11     | Reached skill level 10 in Shields
  8969 | D:11     | Noticed a two-headed ogre
  8986 | D:11     | Killed a two-headed ogre
  8986 | D:11     | Reached skill level 10 in Armour
  8986 | D:11     | Reached XP level 12. HP: 54/95 MP: 12/12
  9130 | D:11     | Found a staircase to the Lair.
  9167 | D:11     | Found a staircase to the Orcish Mines.
  9239 | D:11     | Reached skill level 10 in Fighting
  9268 | D:11     | Reached skill level 12 in Axes
  9466 | D:11     | Noticed a four-headed hydra
  9479 | D:11     | Killed a four-headed hydra
  9653 | D:11     | Got a bloodstained trident
  9859 | D:11     | Noticed an unseen horror
  9868 | D:11     | Killed an unseen horror
  9948 | Lair:1   | Entered Level 1 of the Lair of Beasts
 10046 | Lair:1   | Noticed a five-headed hydra
 10054 | Lair:1   | Noticed a spark wasp
 10054 | Lair:1   | an eight-headed hydra changed into a spark wasp
 10058 | Lair:1   | HP: 1/95 [spark wasp (12)]
 10058 | Lair:1   | Mangled by a spark wasp

Vault maps used:
D:1:      minmay_arrival_checkered_box
D:2:      minmay_roachtagon
D:3:      serial_bayou, serial_bayou_shore_a, serial_bayou_ford_a,
          serial_bayou_pond_c, serial_bayou_pond_d, minmay_misc_feat_columns,
          serial_bayou_crossing, uniq_robin, uniq_sigmund
D:4:      minmay_temple_entry_statues_fountains, first_bread
D:5:      marbit_many_paths, moated_statue, uniq_pikel
D:7:      grunt_livestock
D:8:      grunt_temple_overflow_opulence, basic_altar, serial_glass,
          glass_columns_b, glass_columns_b, minivault_11
D:9:      serial_shops, shop, st_stairs_1, hangedman_corner_corridor, uniq_erica
D:10:     nrook_uturn
D:11:     lair_entry_dummy, kennysheep_orc_monster_closet_entryway,
          serial_curves, eino_curves_01, eino_curves_03, minmay_misc_feat_square
Temple:   dpeg_five_rooms_temple
Lair:1:   nicolae_volcano_entry_s_turn, minivault_26, serial_bayou_pond_c,
          minmay_lair_oklob_chamber, grunt_megastairs_2, lemuel_fruit_fields,
          uniq_grum, uniq_gastronok

Skill      XL: |  1  2  3  4  5  6  7  8  9 10 11 12 |
---------------+-------------------------------------+-----
Shields        | 4 5 6 7 8 10 | 10.8
Fighting       | 4 5 6 7 8 9 10 | 10.2
Axes           | 3 4 5 6 8 10 11 12 | 12.3
Armour         | 4 5 6 7 8 10 | 10.5

Action                   |  1- 3 |  4- 6 |  7- 9 | 10-12 || total
-------------------------+-------+-------+-------+-------++-------
Melee: War axe           |   138 |   226 |   326 |   573 ||  1263
Throw: Javelin           |       |       |       |     6 ||     6
Evoke: Wand              |       |       |       |    12 ||    12
  Use: Potion            |       |     1 |       |     1 ||     2
       Scroll            |       |       |     5 |     2 ||     7
  Eat: Chunk             |       |     7 |    13 |    13 ||    33
Armor: Scale mail        |    76 |    36 |       |       ||   112
       Chain mail        |       |    88 |   119 |    57 ||   264
       Plate armour      |       |       |       |   180 ||   180
Dodge: Dodged            |    30 |    55 |    73 |   148 ||   306
Block: Shield            |    74 |   131 |   150 |   330 ||   685
